cohdb
Replays
Latest Replays
All Replays
Popular Replays
Top Player Replays
Match Explorer
How It Works
Community
CoH3 Stats
Reddit
Sign in to upload your games and track your stats! →
Sign in with Steam
Match 46548023
Unlisted
Match 46548023
Overview
Messages
Build Orders
End
Kradschützen Motorcycle Team
Selects Italian Combined Arms Battlegroup
Selects Bersaglieri Squad
Bersaglieri Squad
Panzerpioneer Squad
Panzerpioneer Squad
Panzerpioneer Squad
Construct Light Support Kompanie
Construct Mechanized Kompanie
8 Rad Armored Car
Panzerjäger Mechanized Group
8 Rad Armored Car
Selects Semovente da 75/18 Assault Gun
Selects Carro Armato M13/40 Light Tank
Carro Armato M13/40 Light Tank
Panzerjäger Mechanized Group
Carro Armato M13/40 Light Tank
Semovente da 75/18 Assault Gun
Rei
FeriG
0
0
Comments
sign in to comment!
No comments posted yet!